 Dungeon Crawl Stone Soup version 0.30-a0-723-gc1506a1cf0 (webtiles) character file.

Game seed: 16623981582884582432

2095 jimonade the Covert (level 9, -9/42 HPs)
             Began as a Vine Stalker Brigand on Jan 29, 2023.
             Was a Follower of Okawaru.
             Mangled by Joseph
             ... wielding a +0 quarterstaff
              (15 damage)
             ... on level 7 of the Dungeon.
             The game lasted 00:13:19 (6217 turns).

jimonade the Covert (Vine Stalker Brigand)          Turns: 6217, Time: 00:13:20

Health: -9/42      AC:  5    Str: 14    XL:     9   Next: 27%
Magic:  0/25       EV: 11    Int: 11    God:    Okawaru [*.....]
Gold:   326        SH:  0    Dex: 20    Spells: 8/8 levels left

rFire   . . .      SeeInvis +    b - +0 dagger (venom)
rCold   . . .      Faith    +    (no shield)
rNeg    . . .      Spirit   +    v - +0 robe
rPois   .          Reflect  .    l - +0 helmet
rElec   .          Harm     .    c - +1 cloak
rCorr   .          Rampage  .    (no gloves)
Will    +....                    (no boots)
Stlth   ++                       r
                                   - Hermit's Pendant {Faith Invo=14 Evo=0 MP+5}
HPRegen 1.07/turn                y - +4 ring of slaying
MPRegen 0.19/turn                z - ring of see invisible

@: confused
A: fangs 3, regeneration 1, magic shield, antimagic bite, no potion heal 2
a: Renounce Religion, Heroism


You were on level 7 of the Dungeon.
You worshipped Okawaru.
Okawaru was aware of your devotion.
You visited 2 branches of the dungeon, and saw 8 of its levels.

You collected 326 gold pieces.

Inventory:

Hand Weapons
 a - a +2 dagger of speed
 b - a +0 dagger of venom (weapon)
 k - a +2 dagger
 s - a +0 arbalest
 B - a +2 dagger of pain
Missiles
 d - 27 poisoned darts (quivered)
 e - 5 curare-tipped darts
Armour
 c - a +1 cloak (worn)
 h - a +0 leather armour
 l - a +0 helmet (worn)
 v - a +0 robe (worn)
Jewellery
 i - a +6 ring of intelligence
 m - an amulet of faith
 r - the Hermit's Pendant (around neck) {Faith Invo=14 Evo=0 MP+5}
   (You found it on level 5 of the Dungeon)

   [amulet of faith]

   Invo=14: It sets your Invocations skill to 14.
   Evo=0: It sets your Evocations skill to 0.
   It allows you to gain divine favour quickly.
   MP:        It affects your magic capacity (+5).
 y - a +4 ring of slaying (left hand)
 z - a ring of see invisible (right hand)
 A - a +6 ring of strength
Wands
 E - a wand of mindburst (14)
Scrolls
 f - 2 scrolls of teleportation
 g - 3 scrolls of identify
 j - a scroll of fear {unknown}
 q - a scroll of blinking {unknown}
 D - a scroll of amnesia {unknown}
Potions
 n - 2 potions of curing
 o - a potion of magic {unknown}
 p - a potion of lignification {unknown}
 t - a potion of resistance {unknown}
 u - a potion of flight {unknown}
 w - a potion of ambrosia {unknown}
 x - 2 potions of cancellation {unknown}
 C - a potion of heal wounds {unknown}
 F - a potion of haste {unknown}


   Skills:
 - Level 1.7 Fighting
 * Level 8.7 Short Blades
 - Level 1.7 Throwing
 - Level 0.7 Dodging
 + Level 11.0 Stealth


You had 8 spell levels left.
You didn't know any spells.
Your spell library contained the following spells:

 Spells                   Type           Power      Damage    Failure   Level
 Sublimation of Blood     Necr           0%         N/A       47%         2
 Wereblood                Tmut           0%         N/A       47%         2
 Dazzling Flash           Conj/Hex       0%         N/A       71%         3
 Ignite Poison            Fire/Tmut/Pois 0%         N/A       71%         3
 Kindle Blastsparks       Fire/Tloc/Air  0%         2d10      71%         3
 Iskenderun's Mystic Bla  Conj/Tloc      0%         2d3       98%         4
 Freezing Cloud           Conj/Ice/Air   0%         6-21      100%        5
 Starburst                Conj/Fire      0%         6d3       100%        6
 Summon Hydra             Summ           Unusable   N/A       N/A         7

Dungeon Overview and Level Annotations

Branches:
Dungeon (7/15)             Temple (1/1) D:5

Altars:
Ashenzari
Cheibriados
Dithmenos
Elyvilon
Gozag
Hepliaklqana
Makhleb
Okawaru
Qazlal
Ru
Sif Muna
Trog
Vehumet
Wu Jian
Xom
Zin
The Shining One

Shops:
D:2 *   D:5 *   D:6 ?

Annotations:
D:4 3 runed translucent doors, Hamu's ghost, amateur GnWn; Newt's ghost, amateur DsGl
D:7 Joseph


Innate Abilities, Weirdness & Mutations

You have razor-sharp teeth.
Your natural rate of healing is unusually fast.
When hurt, damage is shared between your health and your magic reserves.
Your bite disrupts and absorbs the magic of your enemies.
Potions cannot restore your health.


Message History

You see here an iguana corpse.
You see here a +0 halberd.
E - a wand of mindburst (14)
You see here a +0 halberd.
F - a bubbling golden potion
Found 8 stones.
Joseph, a Mercenary comes into view.
He is wielding a +0 quarterstaff, wearing a +2 ring mail of poison resistance and carrying a wand of charming (6).
Joseph shouts!
You hear a croak.
Joseph shouts, "At last, some action!"
Joseph unwields a +0 quarterstaff.
Joseph wields a +0 sling.
Joseph shoots a sling bullet.
The sling bullet hits you!!
A bullfrog comes into view.
Joseph zaps a wand.
Your will is overpowered!
You are confused.
You are too confused!
You are too confused!
You are too confused!
You bump into the rock wall.
Joseph shoots a sling bullet.
The sling bullet barely misses you.
Found a stone staircase leading up.
Joseph shoots a sling bullet.
The sling bullet closely misses you.
Joseph shoots a sling bullet.
The sling bullet hits you!
You hear a shout!
The bullfrog barely misses you.
Joseph unwields a +0 sling.
Joseph wields a +0 quarterstaff.
Joseph hits you with a +0 quarterstaff!
A centaur comes into view.
You miss Joseph. The bullfrog hits you.
You hit Joseph but do no damage. You bite Joseph, but do no damage.
The bullfrog hits you.
* * * LOW HITPOINT WARNING * * *
Joseph closely misses you.
You hit Joseph but do no damage. You bite Joseph! You drain his power.
You feel invigorated.
Joseph is lightly wounded.
The bullfrog barely misses you. Joseph hits you with a +0 quarterstaff!
* * * LOW HITPOINT WARNING * * *
You're too confused to move!
The bullfrog hits you!
* * * LOW HITPOINT WARNING * * *
Joseph hits you with a +0 quarterstaff!!
You die...

...[.....#
#.#...#.# #.#
.........#
#.#...#.# #.#
.........#
#.#...#.# #..
.........#
#.......# ...
...#.....#
####.#### #...
#.########
#......####......
..#
###.##.#........<
###
.......#.........
#(.#.##.@..!..##..
#. # #F#@....# .
............
#......#.#.##.
..........#.# .
..#........#.# .
#.......## .....
..#


You could see Joseph and a bullfrog.

Vanquished Creatures
  A steam dragon (D:7)
  A water moccasin (D:6)
  An ice beast (D:6)
  A black bear (D:5)
  4 ogres
  A phantom (D:3)
  2 kobold brigands (D:6)
  2 necrophages
  A bullfrog (D:3)
  2 scorpions
  3 hounds
  2 jellies
  6 iguanas
  8 orc wizards
  11 gnolls
  8 adders
  A white imp (D:3)
  2 ufetubi
  A worm (D:3)
  4 dart slugs
  27 orcs
  9 bats
  7 endoplasms
  3 giant cockroaches
  4 goblins
  6 hobgoblins
  7 jackals
  19 kobolds
  6 quokkas
  7 ball pythons
  5 frilled lizards
  9 rats
  A bush (D:2)
172 creatures vanquished.

Vanquished Creatures (others)
  An orc wizard (D:4)
  3 plants
  6 withered plants (D:4)
10 creatures vanquished.

Grand Total: 182 creatures vanquished

Notes
Turn   | Place    | Note
-------+----------+-------------------------------------------
     0 | D:1      | jimonade the Vine Stalker Brigand began the quest for the
                  | Orb.
     0 | D:1      | Reached XP level 1. HP: 11/11 MP: 2/2
    63 | D:1      | Reached skill level 5 in Stealth
   127 | D:1      | Reached XP level 2. HP: 15/15 MP: 3/3
   332 | D:1      | Reached XP level 3. HP: 18/18 MP: 4/4
   511 | D:1      | Reached skill level 6 in Stealth
   967 | D:2      | Found Boxodd's Assorted Antiques.
   976 | D:2      | Gained mutation: Your natural rate of healing is unusually
                  | fast. [Vine Stalker growth]
   976 | D:2      | Reached XP level 4. HP: 22/23 MP: 5/5
  1682 | D:3      | Noticed a phantom
  1713 | D:3      | Reached XP level 5. HP: 26/26 MP: 4/6
  1738 | D:3      | Killed a phantom
  1739 | D:3      | Reached skill level 7 in Stealth
  1821 | D:3      | Found a shadowy altar of Dithmenos.
  1933 | D:3      | Reached XP level 6. HP: 30/30 MP: 7/7
  2230 | D:3      | Found a stormy altar of Qazlal.
  2523 | D:3      | Reached skill level 5 in Short Blades
  3090 | D:4      | Reached XP level 7. HP: 30/34 MP: 8/8
  3278 | D:4      | Found a runed translucent gate.
  3278 | D:4      | Found a runed translucent gate.
  3284 | D:4      | Found a runed translucent gate.
  3288 | D:4      | Noticed Newt's ghost (amateur DsGl)
  3288 | D:4      | Noticed Hamu's ghost (amateur GnWn)
  3564 | D:4      | Reached skill level 8 in Stealth
  3717 | D:5      | Entered Level 5 of the Dungeon
  3796 | D:5      | Found the Hermit's Pendant {Faith Invo=14 Evo=0 MP+5}
  3834 | D:5      | Found Otsefeuq's Assorted Antiques.
  3904 | D:5      | Found a staircase to the Ecumenical Temple.
  3916 | D:5      | Gained mutation: You have razor-sharp teeth. [Vine Stalker
                  | growth]
  3916 | D:5      | Reached XP level 8. HP: 38/38 MP: 9/9
  4019 | Temple   | Entered the Ecumenical Temple
  4323 | Temple   | Became a worshipper of Warmaster Okawaru
  4393 | D:5      | Found a hazy altar of Hepliaklqana.
  4406 | D:5      | Reached skill level 9 in Stealth
  4989 | D:6      | Reached * piety under Okawaru
  4990 | D:6      | Reached skill level 10 in Stealth
  5157 | D:6      | Reached XP level 9. HP: 42/42 MP: 10/10
  5390 | D:6      | Found Imocemos's Magic Scroll Boutique.
  5841 | D:7      | Found an ornate altar of the Wu Jian Council.
  5978 | D:7      | Found a snail-covered altar of Cheibriados.
  6182 | D:7      | Reached skill level 11 in Stealth
  6207 | D:7      | Noticed Joseph
  6217 | D:7      | Mangled by Joseph

Illustrated notes

Levels and vault maps discovered:
D:1:      lemuel_arrival_muddy, layout_basic, serial_bayou_pond_a
D:2:      layout_rooms, serial_shops, nicolae_shop_overgrown_old_shop,
          serial_forest, infiniplex_forest_lined_corner,
          infiniplex_forest_lined_corner, infiniplex_forest_pool,
          infiniplex_forest_clump_curved, infiniplex_forest_zigzag_1,
          infiniplex_forest_end_2, infiniplex_forest_clump_C,
          infiniplex_forest_clump_curved
D:3:      minmay_inner_zag, layout_loops_cross,
          grunt_dithmenos_smoke_and_mirrors, grunt_qazlal_sundering,
          ebering_dispersal_statue_hall, nrook_loot_triangle, corner_web_ring,
          serial_bayou_lagoon_b
D:4:      layout_loops_ring, gammafunk_ghost_cemetery, st_stairs_12
D:5:      layout_basic, mainiacjoe_overflow_24_doors,
          minmay_temple_entry_glassed_door, serial_shops, nicolae_diamond_shop
D:6:      nicolae_cairo_tiling, layout_basic, serial_shops, shop,
          hangedman_glass_teeth, due_unseen_surprise
D:7:      layout_loops_cross, mainiacjoe_overflow_swirl, uniq_joseph
Temple:   minmay_temple_bridge_abc

Skill      XL: |  1  2  3  4  5  6  7  8  9 |
---------------+----------------------------+-----
Stealth        | 5 6 7 8 10 11 | 11.0
Short Blades   | 2 3 4 5 6 8 |  8.7
Fighting       | |  1.7
Throwing       | |  1.7
Dodging        | |  0.7

Action                     |  1- 3 |  4- 6 |  7- 9 || total
---------------------------+-------+-------+-------++-------
  Melee: Dagger            |    96 |   343 |   260 ||   699
         Bite              |    26 |   145 |    82 ||   253
         Punch             |       |     9 |       ||     9
    Use: Scroll            |       |     6 |       ||     6
   Stab: Sleeping          |    10 |    11 |    14 ||    35
         Distracted        |       |       |     1 ||     1
 Armour: Robe              |    24 |    30 |    45 ||    99
  Dodge: Dodged            |    48 |    52 |    88 ||   188

Table legend: (Time is in decaauts)
 A = Elapsed time spent in this place.
 B = Non-inter-level travel time spent in this place.
 C = Inter-level travel time spent in this place.
 D = Time resting spent in this place.
 E = Time spent auto-exploring this place.
 F = Levels seen in this place.
 G = Mean time per level.
                   A        B        C        D        E       F      G
               +--------+--------+--------+--------+--------+-----+--------+
         Total |   5984 |   5591 |    393 |    161 |   4120 |   8 |  748.0 |
       Dungeon |   5745 |   5408 |    337 |    161 |   3953 |   7 |  820.7 |
        Temple |    238 |    182 |     56 |      0 |    167 |   1 |  238.0 |
               +--------+--------+--------+--------+--------+-----+--------+

Top non-repeatable levels by time:
     D:3: 1226 daAuts
     D:6: 1009 daAuts
     D:5: 783 daAuts
     D:1: 780 daAuts
     D:4: 776 daAuts
     D:2: 766 daAuts
     D:7: 404 daAuts
  Temple: 238 daAuts
